 Dungeon Crawl Stone Soup version 0.27-a0-592-g0306a34022 (webtiles) character file.

Game seed: 14457345925546037813

462 jestyr24 the Sneak (level 7, -6/40 HPs)
             Began as a Kobold Conjurer on Mar 10, 2021.
             Mangled by Duvessa
             ... wielding a +0 rapier
              (10 damage)
             ... on level 4 of the Dungeon.
             The game lasted 00:30:29 (4608 turns).

jestyr24 the Sneak (Kobold Conjurer)                Turns: 4608, Time: 00:30:29

Health: -6/40      AC:  2    Str:  4    XL:     7   Next: 28%
Magic:  1/12       EV: 15    Int: 22    God:
Gold:   205        SH:  0    Dex: 13    Spells: 10/13 levels left

rFire    . . .     SeeInvis .   b - +0 dagger
rCold    + . .     Faith    .   (shield restricted)
rNeg     . . .     Spirit   .   a - +0 robe
rPois    .         Reflect  .   (no helmet)
rElec    .         Harm     .   (no cloak)
rCorr    .         Rampage  .   (no gloves)
Will     .....                  (no boots)
Stlth    ++........             (no amulet)
HPRegen  0.13/turn              j - ring of protection from cold
MPRegen  0.13/turn              (no ring)

@: brilliant, coronaed, glowing
A: small, nightstalker 3
a: no special abilities


You were on level 4 of the Dungeon.
You visited 1 branch of the dungeon, and saw 4 of its levels.

You collected 205 gold pieces.

Inventory:

Hand Weapons
 b - a +0 dagger (weapon)
Missiles
 g - 34 sling bullets
 h - 27 poisoned darts
Armour
 a - a +0 robe (worn)
Jewellery
 j - a ring of protection from cold (right hand)
Wands
 i - a wand of random effects (22)
Scrolls
 d - a scroll of teleportation {unknown}
 e - 4 scrolls of identify {unknown}
Potions
 f - a potion of mutation {unknown}
 k - a potion of ambrosia {unknown}
 l - a potion of flight {unknown}


   Skills:
 + Level 2.5 Fighting
 + Level 4.0 Short Blades
 - Level 3.2 Dodging
 + Level 5.2 Stealth
 - Level 3.7 Spellcasting
 - Level 5.0 Conjurations


You had 10 spell levels left.
You knew the following spells:

 Your Spells              Type           Power      Damage    Failure   Level
a - Magic Dart            Conj           100%       1d8       1%          1
b - Searing Ray           Conj           78%        3d6       2%          2

Your spell library contained the following spells:

 Spells                   Type           Power      Damage    Failure   Level
 Dazzling Flash           Conj/Hex       44%        N/A       12%         3
 Fulminant Prism          Conj/Hex       11%        3d9       38%         4
 Iskenderun's Mystic Bla  Conj/Tloc      22%        2d6       38%         4


Dungeon Overview and Level Annotations

Branches:
Dungeon (4/15)
 Temple: D:4-7

Altars:
Yredelemnul

Annotations:
D:4 Duvessa


Innate Abilities, Weirdness & Mutations

You are small and have problems with some larger weapons.
You are completely attuned to the shadows.


Message History

Aim: Duvessa, wielding a +0 rapier and wearing a +0 leather armour (lightly wounded, 18% to evade)
The searing ray misses Dowan.
The searing ray misses Duvessa. (Press . to maintain the ray.) Dowan points at you and mumbles some strange words.
You are outlined in light.
The searing ray hits Dowan!
Dowan is severely wounded.
The searing ray misses Duvessa.
Dowan points at Duvessa and mumbles some strange words.
Duvessa seems to speed up.
The searing ray hits Dowan!
You kill Dowan!
Duvessa weeps, then rights herself and shakes her weapon.
Duvessa goes berserk!
The searing ray hits Duvessa.
Duvessa is lightly wounded.
Duvessa rages.
Your Short Blades skill increases to level 4!
Your Stealth skill increases to level 5!
The searing ray misses Duvessa.
You finish channeling your searing ray.
Duvessa hits you with a +0 rapier!!
Ouch! That really hurt!
Casting: Searing Ray (safe; 2% risk of failure)
Confirm with . or Enter, or press ? or * to list all spells.
Aiming: Searing Ray (safe; 2% risk of failure)
Press: ? - help, Shift-Dir - straight line, f/p - Duvessa
Aim: Duvessa, wielding a +0 rapier and wearing a +0 leather armour (lightly wounded, berserk, fast, 18% to evade)
The searing ray hits Duvessa!
Duvessa is moderately wounded. (Press . to maintain the ray.) Duvessa hits you with a +0 rapier.
Duvessa barely misses you.
The searing ray hits Duvessa.
Duvessa is moderately wounded.
Duvessa hits you with a +0 rapier. Duvessa hits you with a +0 rapier!
* * * LOW HITPOINT WARNING * * *
Okay, then.
It was a potion of brilliance.
You feel clever all of a sudden. Duvessa hits you with a +0 rapier!
You die...

######### ### ####### #.......#
#.# ......#### ####@##.# #.#
.......... #e##.# #.######
.####.##.# #.##.# #......#
......##.# #)##.#####.####.##
.###.....#.#.....................
.##.....>..#...####.#.###.####.##
.##..#####.#...# #..............
.##..#####.#...# .#...###.#.##.##
.##..........!......[..........#


You could see Duvessa (berserk, fast).

Vanquished Creatures
  An ogre (D:3)
  Dowan (D:4)
  An orc priest (D:4)
  A bullfrog skeleton (D:3)
  An orc wizard (D:3)
  4 worker ants (D:4)
  5 adders
  A worm (D:2)
  A dart slug (D:4)
  3 leopard geckos
  6 orcs
  11 bats
  5 giant cockroaches
  10 goblins
  8 hobgoblins
  10 jackals
  2 quokkas
  A ball python (D:1)
  6 frilled lizards
  A giant cockroach zombie (D:3)
  9 kobolds
  10 rats
  A spectral orc (D:2)
99 creatures vanquished.

Notes
Turn   | Place    | Note
-------+----------+-------------------------------------------
     0 | D:1      | jestyr24 the Kobold Conjurer began the quest for the Orb.
     0 | D:1      | Reached XP level 1. HP: 10/10 MP: 3/3
   298 | D:1      | Reached XP level 2. HP: 15/15 MP: 5/5
   301 | D:1      | Learned a level 2 spell: Searing Ray
   685 | D:1      | Reached skill level 1 in Short Blades
   773 | D:1      | Reached XP level 3. HP: 14/19 MP: 0/6
  2129 | D:2      | Found a basalt altar of Yredelemnul.
  2239 | D:2      | Reached XP level 4. HP: 24/24 MP: 6/8
  2540 | D:3      | Reached skill level 1 in Fighting
  2740 | D:3      | Reached XP level 5. HP: 26/29 MP: 1/9
  3279 | D:3      | Noticed an ogre
  3324 | D:3      | Killed an ogre
  3325 | D:3      | Reached XP level 6. HP: 35/35 MP: 2/11
  3802 | D:4      | Reached skill level 5 in Conjurations
  4165 | D:4      | Noticed Duvessa
  4165 | D:4      | Noticed Dowan
  4401 | D:4      | Reached XP level 7. HP: 34/40 MP: 8/12
  4602 | D:4      | Killed Dowan
  4603 | D:4      | Reached skill level 5 in Stealth
  4608 | D:4      | Mangled by Duvessa

Illustrated notes

Levels and vault maps discovered:
D:1:      eino_arrival_tree_alley, layout_basic, lemuel_old_faithful
D:2:      layout_rooms, yredelemnul_forgotten_temple_becter
D:3:      layout_rooms, kennysheep_generic_room_15
D:4:      layout_basic, uniq_duvessa

Skill      XL: |  1  2  3  4  5  6  7 |
---------------+----------------------+-----
Short Blades   | 1 3 4 |  4.0
Stealth        | 3 4 5 |  5.2
Fighting       | 1 2 |  2.5
Spellcasting   | 3 |  3.7
Dodging        | 3 |  3.2
Conjurations   | 5 |  5.0

Action                   |  1- 3 |  4- 6 |  7- 9 || total
-------------------------+-------+-------+-------++-------
Melee: Dagger            |    35 |    48 |     1 ||    84
 Cast: Magic Dart        |    37 |    18 |       ||    55
       Searing Ray       |    12 |    27 |     5 ||    44
  Use: Potion            |       |       |     1 ||     1
 Stab: Sleeping          |     5 |     8 |     1 ||    14
Armor: Robe              |    14 |     9 |       ||    23
Dodge: Dodged            |    39 |    59 |     2 ||   100

Table legend: (Time is in decaauts)
 A = Elapsed time spent in this place.
 B = Non-inter-level travel time spent in this place.
 C = Inter-level travel time spent in this place.
 D = Time resting spent in this place.
 E = Time spent auto-exploring this place.
 F = Levels seen in this place.
 G = Mean time per level.
                   A        B        C        D        E       F      G
               +--------+--------+--------+--------+--------+-----+--------+
         Total |   4610 |   4541 |     69 |   1564 |   1512 |   4 | 1152.5 |
       Dungeon |   4610 |   4541 |     69 |   1564 |   1512 |   4 | 1152.5 |
               +--------+--------+--------+--------+--------+-----+--------+

Top non-repeatable levels by time:
     D:1: 1703 daAuts
     D:2: 1101 daAuts
     D:4: 930 daAuts
     D:3: 875 daAuts
